 Dungeon Crawl Stone Soup version 0.20.0-15-g7f486f2 (webtiles) character file.

1687 torrenera the Thaumaturge (level 8, -4/52 HPs)
             Began as a Mummy Necromancer on June 30, 2017.
             Was an Initiate of Kikubaaqudgha.
             Slain by a wight
             ... wielding a +2 spear of freezing
              (7 damage)
             ... on level 6 of the Dungeon.
             The game lasted 00:15:16 (6726 turns).

torrenera the Thaumaturge (Mummy Necromancer)       Turns: 6726, Time: 00:15:17

Health: -4/52      AC:  9    Str: 11    XL:     8   Next: 71%
Magic:  19/23      EV: 12    Int: 17    God:    Kikubaaqudgha [......]
Gold:   201        SH:  0    Dex: 12    Spells: 6/29 levels left

rFire    x . .     SeeInvis .   p - +1 falchion (slice)
rCold    + . .     Gourm    .   (no shield)
rNeg     + + +     Faith    .   a - +0 robe
rPois    ∞         Spirit   .   r - +0 helmet
rElec    .         Reflect  .   t - +0 cloak
rCorr    .         Harm     .   (no gloves)
MR       +....                  (no boots)
Stlth    ++........             j - amulet of magic regeneration
Regen    0.2/turn               l - ring of positive energy
MPRegen  0.3/turn               u - ring of wizardry

@: icy armour, slow
A: no food or potions, fire vulnerability, cold resistance 1, negative energy
resistance 3, torment resistance, unbreathing
a: Renounce Religion


You were on level 6 of the Dungeon.
You worshipped Kikubaaqudgha.
Kikubaaqudgha was noncommittal.
You were not hungry.

You visited 2 branches of the dungeon, and saw 7 of its levels.

You collected 201 gold pieces.

Inventory:

Hand Weapons
 i - a +0 lajatang
 p - a +1 falchion of slicing (weapon)
 s - a +2 whip of freezing
Missiles
 c - 148 stones (quivered)
 q - 13 poisoned needles
Armour
 a - a +0 robe (worn)
 h - a +0 ring mail of fire resistance
 r - a +0 helmet (worn)
 t - a +0 cloak (worn)
Jewellery
 j - an amulet of magic regeneration (around neck)
 l - a ring of positive energy (left hand)
 u - a ring of wizardry (right hand)
Wands
 v - a wand of digging (9/24)
Scrolls
 e - 2 scrolls of identify {unknown}
 f - 4 scrolls of fear {unknown}
 g - 2 scrolls of remove curse {unknown}
 m - a scroll of immolation {unknown}
 n - a scroll of random uselessness {unknown}
 o - a scroll of teleportation {unknown}
 x - a scroll of amnesia {unknown}
Books
 b - a book of Necromancy

   Spells                             Type                      Level
   a - Pain                           Necromancy                   1
   b - Animate Skeleton               Necromancy                   1
   c - Vampiric Draining              Necromancy                   3
   d - Regeneration                   Charms/Necromancy            3
   e - Animate Dead                   Necromancy                   4
   f - Control Undead                 Necromancy                   4
 d - a book of Maledictions

   Spells                             Type                      Level
   a - Corona                         Hexes                        1
   b - Ensorcelled Hibernation        Hexes/Ice                    2
   c - Confuse                        Hexes                        3
   d - Tukima's Dance                 Hexes                        3
   e - Dazzling Spray                 Conjuration/Hexes            3
 k - a book of Cantrips

   Spells                             Type                      Level
   a - Confusing Touch                Hexes                        1
   b - Animate Skeleton               Necromancy                   1
   c - Summon Small Mammal            Summoning                    1
   d - Apportation                    Translocation                1
 w - a book of Frost

   Spells                             Type                      Level
   a - Freeze                         Ice                          1
   b - Throw Frost                    Conjuration/Ice              2
   c - Ozocubu's Armour               Charms/Ice                   3
   d - Throw Icicle                   Conjuration/Ice              4
   e - Summon Ice Beast               Ice/Summoning                4


   Skills:
 - Level 1.5 Dodging
 - Level 1.5 Stealth
 * Level 11.1 Spellcasting
 + Level 7.6 Necromancy


You had 6 spell levels left.
You knew the following spells:

 Your Spells              Type           Power        Failure   Level  Hunger
a - Pain                  Necr           ####         1%          1    N/A
b - Vampiric Draining     Necr           #####.....   1%          3    N/A
c - Animate Dead          Necr           N/A          1%          4    N/A
d - Control Undead        Necr           #####.....   1%          4    N/A
e - Ensorcelled Hibernat  Hex/Ice        #.....       4%          2    N/A
f - Confuse               Hex            #.......     9%          3    N/A
g - Dazzling Spray        Conj/Hex       #.....       9%          3    N/A
h - Ozocubu's Armour      Chrm/Ice       #.......     9%          3    N/A

Dungeon Overview and Level Annotations

Branches:
Dungeon (6/15)             Temple (1/1) D:6

Altars:
Ashenzari
Cheibriados
Dithmenos
Elyvilon
Fedhas
Gozag
Hepliaklqana
Kikubaaqudgha
Makhleb
Nemelex Xobeh
Okawaru
Qazlal
Ru
Sif Muna
Trog
Uskayaw
Vehumet
Xom
Yredelemnul
Zin
The Shining One

Shops:
D:5 [

Annotations:
D:4 murphy's ghost, weakling DDFi


Innate Abilities, Weirdness & Mutations

You do not eat or drink.
Your flesh is vulnerable to fire.
You are immune to poison.
Your flesh is cold resistant. (rC+)
You are immune to negative energy. (rN+++)
You are immune to unholy pain and torment.
You can survive without breathing.


Message History

Casting: Ozocubu's Armour
Confirm with . or Enter, or press ? or * to list all spells.
Aiming: Confuse
Press: ? - help, Shift-Dir - straight line, f/p - wight
Aim: a wight, wielding a spear of freezing and wearing a robe (moderately damaged, chance to defeat MR: 40%)
Okay, then.
Casting: Confuse
Confirm with . or Enter, or press ? or * to list all spells.
The wight easily resists.
The wight resists with almost no effort.
The wight barely misses you. The wight hits you but does no damage.
The wight hits you from afar with a spear of freezing.
The wight closely misses you.
You riposte.
You closely miss the wight. The wight closely misses you.
The wight hits you from afar with an enchanted halberd!
* * * LOW HITPOINT WARNING * * *
Okay, then.
The wight hits you from afar with a spear of freezing!
You die...
Kikubaaqudgha rasps: "You have failed me!
Welcome... oblivion!"

#......####..#.##
#.###.#.# .##
#.....##.# .#
#####.# #.#.#
#.#####.#
#.......#
###...### #...#
#@..# ##.## #z#
####z##
#.....#####
#.........# ###
#...).###.# #..
.......#### #.#
#.# # ######. #z#
#.# .#


You could see 2 wights.

Vanquished Creatures
  Pikel (D:4)
  Duvessa (D:5)
  An ice beast (D:5)
  2 ogres (D:6)
  2 centaurs (D:5)
  Dowan (D:5)
  A wight (D:6)
  2 crimson imps
  2 hounds (D:5)
  A centaur skeleton (D:5)
  An iguana (D:5)
  2 worker ants
  4 orc wizards
  5 gnolls
  10 adders
  An ooze (D:1)
  2 worms (D:2)
  2 dart slugs
  5 leopard geckos
  16 orcs
  4 bats
  8 giant cockroaches
  8 goblins
  10 hobgoblins
  2 jackals (D:2)
  4 quokkas
  6 frilled lizards
  7 kobolds
  11 rats
122 creatures vanquished.

Vanquished Creatures (collateral kills)
  An orc wizard (D:6)
  A shadow imp (D:6)
2 creatures vanquished.

Vanquished Creatures (others)
  A jelly (D:5)
  A giant cockroach (D:5)
2 creatures vanquished.

Grand Total: 126 creatures vanquished

Notes
Turn   | Place    | Note
-------+----------+-------------------------------------------
     0 | D:1      | torrenera the Mummy Necromancer began the quest for the Orb.
     0 | D:1      | Reached XP level 1. HP: 13/13 MP: 4/4
   406 | D:1      | Reached XP level 2. HP: 19/19 MP: 2/5
   515 | D:1      | Reached skill level 3 in Spellcasting
   652 | D:1      | Reached XP level 3. HP: 24/24 MP: 0/8
   839 | D:1      | Learned a level 3 spell: Vampiric Draining
  1386 | D:2      | Reached skill level 4 in Spellcasting
  1675 | D:2      | Found a faded altar of an unknown god.
  1679 | D:2      | Reached XP level 4. HP: 30/30 MP: 7/10
  1850 | D:2      | Reached skill level 5 in Necromancy
  1927 | D:2      | Found a blossoming altar of Fedhas.
  2406 | D:3      | Reached skill level 5 in Spellcasting
  2406 | D:3      | Reached XP level 5. HP: 8/35 MP: 3/12
  3155 | D:3      | Learned a level 4 spell: Animate Dead
  3160 | D:3      | Learned a level 4 spell: Control Undead
  3726 | D:3      | Reached skill level 6 in Spellcasting
  3970 | D:4      | Reached XP level 6. HP: 30/41 MP: 10/15
  4006 | D:4      | Noticed murphy's ghost (weakling DDFi)
  4173 | D:5      | Entered Level 5 of the Dungeon
  4187 | D:5      | Noticed an ice beast
  4212 | D:5      | Killed an ice beast
  4417 | D:5      | Reached skill level 7 in Spellcasting
  4607 | D:5      | Reached XP level 7. HP: 25/46 MP: 14/17
  4911 | D:5      | Noticed Duvessa
  4914 | D:5      | Noticed Dowan
  4921 | D:5      | Killed Duvessa
  4925 | D:5      | Reached skill level 8 in Spellcasting
  4935 | D:5      | Killed Dowan
  5241 | D:5      | Noticed Pikel
  5286 | D:4      | Killed Pikel
  5286 | D:4      | Reached skill level 9 in Spellcasting
  5286 | D:4      | Reached XP level 8. HP: 4/52 MP: 8/21
  5596 | D:5      | Reached skill level 10 in Spellcasting
  5709 | D:5      | Found Rahyri's Antique Armour Boutique.
  6134 | D:6      | Found a staircase to the Ecumenical Temple.
  6194 | Temple   | Entered the Ecumenical Temple
  6317 | Temple   | Became a worshipper of Kikubaaqudgha
  6464 | D:6      | Learned a level 2 spell: Ensorcelled Hibernation
  6468 | D:6      | Learned a level 3 spell: Confuse
  6472 | D:6      | Learned a level 3 spell: Dazzling Spray
  6596 | D:6      | Learned a level 3 spell: Ozocubu's Armour
  6648 | D:6      | Reached skill level 11 in Spellcasting
  6726 | D:6      | Slain by a wight

Skill      XL: |  1  2  3  4  5  6  7  8 |
---------------+-------------------------+-----
Spellcasting   | 3 4 5 6 7 9 11 | 11.1
Necromancy     | 5 6 7 |  7.6
Dodging        | |  1.5
Stealth        | |  1.5

Action                   |  1- 3 |  4- 6 |  7- 9 || total
-------------------------+-------+-------+-------++-------
Melee: Unarmed           |     6 |       |       ||     6
       Spear             |    30 |     3 |       ||    33
       Lajatang          |       |     6 |       ||     6
       Falchion          |       |     5 |    47 ||    52
Throw: Stone             |     1 |       |       ||     1
 Cast: Pain              |    77 |   119 |    74 ||   270
       Vampiric Draining |       |     4 |     5 ||     9
       Confuse           |       |       |     3 ||     3
       Control Undead    |       |       |     2 ||     2
       Animate Dead      |       |       |     1 ||     1
       Ozocubu's Armour  |       |       |     1 ||     1
 Stab: Sleeping          |     1 |     1 |     2 ||     4
       Confused          |       |       |     1 ||     1
Armor: Robe              |     6 |     5 |    17 ||    28
Dodge: Dodged            |    21 |    39 |    68 ||   128
       Rpst.: Falchion   |       |     2 |    25 ||    27
